 Dungeon Crawl Stone Soup version 0.31-a0-702-gf82c85558f (webtiles) character file.

Game seed: 8901559984524059243

260 qw the Shooter (level 6, -3/38 HPs)
             Began as a Gargoyle Hunter on Sept 7, 2023.
             Shot with an arrow by an orc warrior (15 damage)
             ... on level 4 of the Dungeon.
             The game lasted 00:01:02 (2561 turns).

qw the Shooter (Gargoyle Hunter)                    Turns: 2561, Time: 00:01:03

Health: -3/38      AC:  7    Str: 14    XL:     6   Next: 17%
Magic:  6/6        EV: 11    Int: 10    God:
Gold:   140        SH:  0    Dex: 15    Spells: 5/5 levels left

rFire   . . .        Y - +0 shortbow
rCold   . . .        (shield currently unavailable)
rNeg    + . .        c - +0 leather armour
rPois   inf          (no helmet)
rElec   +            (no cloak)
rCorr   .            (no gloves)
SInv    .            (no boots)
Will    .....        (no amulet)
Stlth   ++           (no ring)
HPRegen 0.26/turn    (no ring)
MPRegen 0.10/turn

%: no passive effects
@: no status effects
A: sickness immunity, AC +4, negative energy resistance 1, electricity
resistance, torment resistance 1, petrification resistance
a: no special abilities


You were on level 4 of the Dungeon.
You visited 1 branch of the dungeon, and saw 4 of its levels.

You collected 140 gold pieces.


Innate Abilities, Weirdness & Mutations

You are immune to sickness and miasma.
Your stone body is resilient. (AC +4)
You are immune to poison.
You resist negative energy. (rN+)
You are resistant to electric shocks. (rElec)
You are resistant to unholy torment.
You are immune to petrification.


   Skills:
 + Level 3.7 Fighting
 - Level 6.6 Ranged Weapons
 - Level 1.5 Dodging
 - Level 1.1 Stealth


You had 5 spell levels left.
You didn't know any spells.
Your spell library was empty.

Inventory:

Hand Weapons
 Y - a +0 shortbow (weapon)
Armour
 c - a +0 leather armour (worn)
Scrolls
 a - a scroll of identify
Potions
 b - a potion of mutation {unknown}
 f - a potion of haste
 g - a potion of curing
 h - a potion of magic {unknown}
 i - a potion of attraction {unknown}
 j - a potion of heal wounds {unknown}
 k - a potion of enlightenment {unknown}

Dungeon Overview and Level Annotations

Branches:
Dungeon (4/15)             Temple (0/1) D:4

Altars:
Elyvilon
Vehumet


Message History

Found a spear.
A goblin comes into view. It is wielding a +0 club.
You shoot an arrow. The arrow hits the goblin.
The goblin is severely wounded.
You shoot an arrow. The arrow misses the goblin.
You shoot an arrow. The arrow hits the goblin!
You kill the goblin!
There is an open door here.
You open the door.
There is an open door here.
Found a staircase to the Ecumenical Temple.
Enter note:
Enter note:
Enter note:
Enter note:
Enter note:
Enter note:
Enter note:
Enter note:
2557 ||| PLANNING TEMPLE An orc comes into view.
It is wielding a +0 flail.
You shoot an arrow. The orc shouts!
The arrow hits the orc!
You kill the orc!
You hear a shout! x3
An orc warrior comes into view. It is wielding a +0 war axe.
You shoot an arrow.
The arrow hits the orc warrior but does no damage.
The orc warrior unwields a +0 war axe.
The orc warrior wields a +0 orcbow.
The orc warrior shoots an arrow.
The arrow hits you!!
You shoot an arrow. The arrow hits the orc warrior.
The orc warrior is lightly wounded.
The orc warrior shoots an arrow.
The arrow hits you!
You hear an angry hiss.
You shoot an arrow.
The arrow closely misses the orc warrior.
An adder comes into view.
The orc warrior shoots an arrow.
The arrow hits you!
You die...

..........#.........# ..
..........#.........# ...
..........#.........#....
..........#.........#....
..........#.........'....
..........#...........#
............##...#..##
'#######'#.######..#
............# #@.##
..........#.......#
..........#.#...>..#
..........#..#.....oS
####......#..##.##...#
#.....####.### #.##
#.....# .# ####### .#


You could see an orc warrior and an adder.

Vanquished Creatures
  A black bear (D:4)
  Jessica (D:2)
  3 gnolls (D:4)
  3 adders
  2 worms
  3 dart slugs (D:1)
  6 orcs
  3 ball pythons
  7 endoplasms
  5 giant cockroaches
  4 goblins
  7 hobgoblins
  2 jackals (D:3)
  5 quokkas
  2 bats
  7 kobolds
  4 rats
65 creatures vanquished.

Notes
Turn   | Place    | Note
-------+----------+-------------------------------------------
     0 | D:1      | qw the Gargoyle Hunter began the quest for the Orb.
     0 | D:1      | Reached XP level 1. HP: 12/12 MP: 1/1
     0 | D:1      | 0 ||| qw: Version: 0.3-a-76-g4403597
     0 | D:1      | 0 ||| qw: Game counter: 847
     0 | D:1      | 0 ||| qw: Melee chars always use a shield: true
     0 | D:1      | 0 ||| qw: God list: Okawaru
     0 | D:1      | 0 ||| qw: Allow faded altars: false
     0 | D:1      | 0 ||| qw: Do Orc after clearing Dungeon:15 true
     0 | D:1      | 0 ||| qw: Do second Lair branch before Depths: true
     0 | D:1      | 0 ||| qw: Lair rune preference: random
     0 | D:1      | 0 ||| qw: Goals: Normal
     0 | D:1      | 0 ||| PLANNING D:1-11
     1 | D:1      | Noticed an electric eel
     2 | D:1      | 2 ||| DROPPING scroll of butterflies.
    78 | D:1      | Reached XP level 2. HP: 17/17 MP: 2/2
   103 | D:1      | 103 ||| Stepping ~*~*~tactically~*~*~ (outnumbered).
   390 | D:1      | Reached XP level 3. HP: 21/21 MP: 3/3
   432 | D:1      | Reached skill level 5 in Ranged Weapons
   670 | D:1      | 670 ||| READING scroll labelled YFUUGO CUSO.
   671 | D:1      | 671 ||| READING scroll labelled KICIL TYMNAAB.
   672 | D:1      | 672 ||| READING scroll labelled FIMANU ZIODD.
   892 | D:2      | Noticed Jessica
   901 | D:2      | Killed Jessica
   902 | D:2      | Reached skill level 3 in Fighting
   902 | D:2      | Reached XP level 4. HP: 20/28 MP: 4/4
  1334 | D:2      | 1334 ||| READING scroll labelled IWIOCR OHAN.
  1335 | D:2      | 1335 ||| READING scroll labelled NYEWYF HOTEUFA.
  1336 | D:2      | 1336 ||| READING scroll labelled GUWEBO YREITH.
  1337 | D:2      | 1337 ||| READING scroll labelled LYLEZA YPREAGE.
  1338 | D:2      | 1338 ||| DRINKING 2 golden potions.
  1507 | D:3      | Reached XP level 5. HP: 28/32 MP: 5/5
  1722 | D:3      | Found a radiant altar of Vehumet.
  1921 | D:3      | Found a white marble altar of Elyvilon.
  2127 | D:3      | 2127 ||| READING scroll labelled YVIPNO RUBUN.
  2128 | D:3      | 2128 ||| DRINKING 2 yellow potions.
  2129 | D:3      | 2129 ||| READING 2 scrolls of identify.
  2129 | D:3      | 2129 ||| IDENTIFYING fizzy orange potion
  2130 | D:3      | 2130 ||| DROPPING potion of lignification.
  2230 | D:4      | Noticed a black bear
  2231 | D:4      | 2231 ||| RETREATING.
  2241 | D:4      | HP: 4/32 [gnoll/+0 whip (6)]
  2242 | D:4      | 2242 ||| READING scroll of teleportation.
  2242 | D:4      | HP: 1/32 [gnoll/+0 whip (1)]
  2430 | D:4      | Killed a black bear
  2431 | D:4      | Reached skill level 6 in Ranged Weapons
  2431 | D:4      | Reached XP level 6. HP: 28/37 MP: 6/6
  2446 | D:4      | 2446 ||| FLEEEEING.
  2447 | D:4      | 2447 ||| FLEEEEING.
  2448 | D:4      | 2448 ||| FLEEEEING.
  2449 | D:4      | 2449 ||| STAIRDANCE
  2463 | D:3      | 2463 ||| READING scroll labelled QOXAEJ KOYRE.
  2556 | D:4      | Found a staircase to the Ecumenical Temple.
  2557 | D:4      | 2557 ||| PLANNING TEMPLE
  2558 | D:4      | Noticed an orc warrior
  2561 | D:4      | Shot with an arrow by an orc warrior

Levels and vault maps discovered:
D:1:      arrival_aquarium_a, layout_loops_ring
D:2:      layout_basic, nrook_mini_backslash, uniq_jessica
D:3:      layout_loops_corners, nicolae_elyvilon_peaceful_grove,
          vehumet_altar_wand_db
D:4:      layout_gridville, minmay_temple_entry_wispy, st_stairs_11, uniq_pikel

Skill      XL: |  1  2  3  4  5 |
---------------+----------------+-----
Ranged Weapons | 5 6 |  6.6
Fighting       | 3 |  3.7
Dodging        | |  1.5
Stealth        | |  1.1

Action                     |  1- 3 |  4- 6 || total
---------------------------+-------+-------++-------
   Fire: Shortbow          |   109 |   112 ||   221
    Use: Scroll            |     3 |     8 ||    11
         Potion            |       |     2 ||     2
 Armour: Leather armour    |    23 |    53 ||    76
  Dodge: Dodged            |    23 |    32 ||    55

Table legend:
 A = Non-vault XP
 B = Vault XP
 C = Vault XP percentage of total XP
 D = Non-vault monster count
 E = Vault monster count
 F = Vault count percentage of total count
                 A         B        C        D         E       F
            +---------+---------+-------+---------+---------+-------
      Total |     200 |     172 |  46.2 |      61 |       4 |   6.2
            +---------+---------+-------+---------+---------+-------
        D:1 |      47 |       0 |   0.0 |      23 |       0 |   0.0
        D:2 |      41 |      37 |  47.4 |      13 |       1 |   7.1
        D:3 |      58 |       1 |   1.7 |      16 |       1 |   5.9
        D:4 |      54 |     134 |  71.3 |       9 |       2 |  18.2
            +---------+---------+-------+---------+---------+-------
